 Dungeon Crawl Stone Soup version 0.29.0-15-g675c0067aa (webtiles) character file.

Game seed: 5837604768395833418

127 qw the Sneak (level 5, -4/32 HPs)
             Began as a Gargoyle Delver on Sept 11, 2022.
             Slain by an orc warrior
             ... wielding a +0 flail
              (6 damage)
             ... on level 3 of the Dungeon.
             The game lasted 00:01:16 (3420 turns).

qw the Sneak (Gargoyle Delver)                      Turns: 3420, Time: 00:01:16

Health: -4/32      AC: 14    Str: 18    XL:     5   Next: 11%
Magic:  5/5        EV:  5    Int: 10    God:
Gold:   176        SH:  0    Dex: 11    Spells: 4/4 levels left

rFire   . . .      SeeInvis .   Y - +0 hand axe (freeze)
rCold   . . .      Faith    .   (no shield)
rNeg    + . .      Spirit   .   e - +0 plate armour
rPois   inf        Reflect  .   (no helmet)
rElec   +          Harm     .   (no cloak)
rCorr   .          Rampage  .   (no gloves)
Will    .....                   (no boots)
Stlth   ..........              (no amulet)
HPRegen 0.10/turn               (no ring)
MPRegen 0.09/turn               (no ring)

@: no status effects
A: sickness immunity, AC +4, negative energy resistance 1, electricity
resistance, torment resistance 1, petrification resistance
a: no special abilities


You were on level 3 of the Dungeon.
You visited 1 branch of the dungeon, and saw 5 of its levels.

You collected 176 gold pieces.


Innate Abilities, Weirdness & Mutations

You are immune to sickness and miasma.
Your stone body is resilient. (AC +4)
You are immune to poison.
You resist negative energy. (rN+)
You are resistant to electric shocks. (rElec)
You are resistant to unholy torment.
You are immune to petrification.


   Skills:
 - Level 3.2 Fighting
 + Level 4.2 Axes
 - Level 2.1 Armour
 - Level 1.5 Dodging
 - Level 5.4 Stealth


You had 4 spell levels left.
You didn't know any spells.
Your spell library was empty.

Inventory:

Hand Weapons
 h - a +0 whip
 Y - a +0 hand axe of freezing (weapon)
Missiles
 i - 3 boomerangs (quivered)
Armour
 e - a +0 plate armour (worn)
Wands
 g - a wand of digging (3)
Scrolls
 b - a scroll of blinking {unknown}
 c - a scroll of identify
 k - a scroll of torment {unknown}
Potions
 a - a potion of might
 d - a potion of brilliance {unknown}
 f - a potion of haste
 j - a potion of ambrosia {unknown}

Dungeon Overview and Level Annotations

Branches:
Dungeon (5/15)
 Temple: D:4-7

Altars:
Qazlal
The Shining One


Message History

You hit the orc. You freeze the orc.
The orc is heavily wounded.
The orc barely misses you.
You hit the orc. You freeze the orc.
The orc is almost dead.
The orc hits you but does no damage.
You barely miss the orc.
The orc is almost dead.
The orc barely misses you. The orc hits you with a +0 club.
You hit the orc. You freeze the orc.
You kill the orc!
You start resting.
HP restored.
Things that are here:
a +0 club; a +0 chain mail; an orc corpse An orc warrior comes into view.
It is wielding a +0 flail.
The orc warrior shouts!
An endoplasm comes into view.
An orc wizard comes into view. It is wielding a +0 dagger.
3411 ||| Stepping ~*~*~tactically~*~*~ (stealth).
An orc warrior and an orc priest come into view.
The orc wizard shouts!
The orc priest shouts!
3413 ||| Stepping ~*~*~tactically~*~*~ (hiding).
You start waiting.
An orc warrior is nearby!
You barely miss the orc warrior.
The orc warrior hits you with a +0 flail!
You hit the orc warrior. You freeze the orc warrior.
The orc warrior is moderately wounded.
The orc warrior hits you with a +0 flail!
You barely miss the orc warrior.
The orc warrior is moderately wounded.
The orc warrior hits you with a +0 flail.
You hit the orc warrior. You freeze the orc warrior.
The orc warrior is heavily wounded.
The orc warrior hits you with a +0 flail.
You hit the orc warrior. You freeze the orc warrior.
The orc warrior is heavily wounded.
The orc warrior hits you with a +0 flail.
You die...

##.......)#####.......####
#........#####...........
#.#..##.....##.#####[.. .
#.##.##..##.##.#####.##.#
##........##.##...........
..........##.#####....~...
...¤....####.# #)._.~..#
.~¤¤....# #.#####....¤¤.#
..~¤¤¤..## #....@oo~¤~¤.¤#
.¤¤¤¤~...#########o....¤.#
.¤.¤.~.#..#### #.......#
.............# #..######
###.(#.....#...# #..#
##......%###.###...
######+#.....##..o.
#########.#.#...##....
....#.....#.#......


You could see an orc warrior, an orc priest and an orc wizard.

Vanquished Creatures
  Jessica (D:2)
  4 adders (D:2)
  2 worms (D:2)
  2 dart slugs (D:2)
  2 orcs (D:3)
  4 endoplasms
  4 giant cockroaches
  7 goblins
  3 hobgoblins
  5 kobolds
  2 quokkas
  3 ball pythons
  8 bats
  2 frilled lizards (D:1)
  2 rats (D:2)
  A spectral kobold (D:1)
52 creatures vanquished.

Notes
Turn   | Place    | Note
-------+----------+-------------------------------------------
     0 | D:5      | qw the Gargoyle Delver began the quest for the Orb.
     0 | D:5      | Reached XP level 1. HP: 14/14 MP: 1/1
     0 | D:5      | 0 ||| qw: Version: 0.1-a-117-gfe26ee0
     0 | D:5      | 0 ||| qw: Game counter: 10205
     0 | D:5      | 0 ||| qw: Always use a shield: true
     0 | D:5      | 0 ||| qw: God list: Okawaru
     0 | D:5      | 0 ||| qw: Allow faded altars: false
     0 | D:5      | 0 ||| qw: Do Orc after D:15 true
     0 | D:5      | 0 ||| qw: Do second Lair branch before Depths: true
     0 | D:5      | 0 ||| qw: Lair rune preference: random
     0 | D:5      | 0 ||| qw: Plans: Normal
     0 | D:5      | 0 ||| PLANNING D:1-11
     4 | D:5      | 4 ||| DROPPING scroll of fog.
     5 | D:5      | 5 ||| DROPPING scroll of magic mapping.
     6 | D:5      | 6 ||| DROPPING scroll of fear.
    79 | D:2      | 79 ||| Stepping ~*~*~tactically~*~*~ (stealth).
    80 | D:2      | 80 ||| Stepping ~*~*~tactically~*~*~ (stealth).
    83 | D:2      | 83 ||| Stepping ~*~*~tactically~*~*~ (stealth).
    84 | D:2      | 84 ||| Stepping ~*~*~tactically~*~*~ (stealth).
   126 | D:2      | HP: 3/14 [endoplasm (3)]
   493 | D:2      | Noticed Jessica
   494 | D:2      | 494 ||| Stepping ~*~*~tactically~*~*~ (hiding).
   510 | D:2      | Reached XP level 2. HP: 19/19 MP: 2/2
   511 | D:2      | 511 ||| Stepping ~*~*~tactically~*~*~ (hiding).
   613 | D:2      | 613 ||| Stepping ~*~*~tactically~*~*~ (stealth).
   616 | D:2      | 616 ||| Stepping ~*~*~tactically~*~*~ (stealth).
   621 | D:2      | 621 ||| Stepping ~*~*~tactically~*~*~ (stealth).
   632 | D:2      | Killed Jessica
   633 | D:2      | Reached skill level 3 in Axes
   633 | D:2      | Reached XP level 3. HP: 17/23 MP: 3/3
   720 | D:2      | 720 ||| DROPPING +0 club.
   875 | D:2      | 875 ||| Stepping ~*~*~tactically~*~*~ (hiding).
   977 | D:2      | 977 ||| Stepping ~*~*~tactically~*~*~ (hiding).
  1079 | D:2      | 1079 ||| Stepping ~*~*~tactically~*~*~ (hiding).
  1260 | D:2      | 1260 ||| READING scroll labelled DUEWOSYE VALENU.
  1261 | D:2      | 1261 ||| READING scroll labelled CYTEEGUFEV.
  1362 | D:2      | 1362 ||| READING scroll labelled USSATU QYASTI.
  1363 | D:2      | 1363 ||| READING scroll labelled YCVI OSEETOYHO.
  1364 | D:2      | 1364 ||| READING scroll labelled JOLUER BIXEI.
  1735 | D:1      | Reached XP level 4. HP: 28/28 MP: 4/4
  1853 | D:1      | Found a faded altar of an unknown god.
  2170 | D:1      | 2170 ||| DROPPING +4 club.
  2486 | D:1      | 2486 ||| UPGRADING to +0 plate armour.
  2496 | D:1      | 2496 ||| DROPPING +0 leather armour.
  2497 | D:1      | 2497 ||| READING scroll labelled RANEOT IDOL.
  2498 | D:1      | 2498 ||| DRINKING 2 coppery potions.
  2499 | D:1      | 2499 ||| DROPPING potion of flight.
  2658 | D:2      | Reached skill level 1 in Armour
  2893 | D:2      | 2893 ||| Stepping ~*~*~tactically~*~*~ (stealth).
  3012 | D:2      | 3012 ||| Stepping ~*~*~tactically~*~*~ (stealth).
  3027 | D:2      | Reached XP level 5. HP: 28/32 MP: 5/5
  3175 | D:2      | 3175 ||| DROPPING orb of mayhem.
  3176 | D:2      | 3176 ||| READING scroll labelled POTONWANKE.
  3177 | D:2      | 3177 ||| READING 2 scrolls of identify.
  3177 | D:2      | 3177 ||| IDENTIFYING red potion
  3288 | D:3      | Found a stormy altar of Qazlal.
  3378 | D:3      | Found a glowing golden altar of the Shining One.
  3410 | D:3      | Noticed an orc warrior
  3411 | D:3      | 3411 ||| Stepping ~*~*~tactically~*~*~ (stealth).
  3413 | D:3      | 3413 ||| Stepping ~*~*~tactically~*~*~ (hiding).
  3418 | D:3      | HP: 8/32 [orc warrior/+0 flail (1)]
  3419 | D:3      | HP: 2/32 [orc warrior/+0 flail (6)]
  3420 | D:3      | Slain by an orc warrior

Levels and vault maps discovered:
D:1:      dpeg_arrival_arbitrary_b, layout_loops_cross,
          dreamdust_ecumenical_altar_drowned_temple
D:2:      layout_loops_ring, supply_closet_lemuel, st_stairs_1, uniq_jessica
D:3:      layout_basic, mainiacjoe_overflow_chevrons,
          nicolae_qazlal_scattered_showers, uniq_terence, uniq_sigmund
D:4:      layout_cave_pools, nemelex_dance_club_becter,
          nicolae_overflow_two_pavilions, kennysheep_generic_room_14
D:5:      layout_basic, nicolae_hepliaklqana_hazy_memory, roderic_batcave,
          minivault_14, st_stairs_3, nicolae_elevator_lobby_asterisk

Skill      XL: |  1  2  3  4 |
---------------+-------------+-----
Axes           | 2 3 4 |  4.2
Armour         | 2 |  2.1
Fighting       | |  3.2
Dodging        | |  1.5
Stealth        | |  5.4

Action                   |  1- 3 |  4- 6 || total
-------------------------+-------+-------++-------
Melee: Hand axe          |    74 |   136 ||   210
       Punch             |     1 |     2 ||     3
Throw: Boomerang         |       |     3 ||     3
  Use: Scroll            |     5 |     3 ||     8
       Potion            |       |     1 ||     1
 Stab: Sleeping          |     1 |     1 ||     2
Armor: Leather armour    |    24 |    16 ||    40
       Plate armour      |       |    55 ||    55
Dodge: Dodged            |    37 |    47 ||    84

Table legend:
 A = Non-vault XP
 B = Vault XP
 C = Vault XP percentage of total XP
 D = Non-vault monster count
 E = Vault monster count
 F = Vault count percentage of total count
                 A         B        C        D         E       F
            +---------+---------+-------+---------+---------+-------
      Total |     140 |      42 |  23.1 |      47 |       5 |   9.6
            +---------+---------+-------+---------+---------+-------
        D:1 |      35 |       1 |   2.8 |      20 |       1 |   4.8
        D:2 |      93 |      41 |  30.6 |      21 |       4 |  16.0
        D:3 |      12 |       0 |   0.0 |       6 |       0 |   0.0
            +---------+---------+-------+---------+---------+-------
